AoeStats
← 杜迪

Arena

509858511Analyzed
4v4 RM · 5d ago on Sep 28, 2026· 38m 2s· 8 players
Game mode
Random Map
Map size
Large (8 player)
Population
200
Speed
Normal
Resources
Standard
Victory
Conquest
Starting age
Dark Age
Ending age
Imperial Age
RankedLock teamsTeams togetherTeam positionsShared explorationLock speedFull tech treeHidden civsTurbo modeCheats
Victory
Defeat
🇨🇳 Koreans · China
1590
+12
🇨🇳 Chinese · China
1578
+12
🇨🇳 Dravidians · China
1553
+13
🇭🇰 Bengalis · Hong Kong SAR China
1261
+25
🇺🇸 Danes · United States
1511
-17
🇨🇳 Bulgarians · China
1474
-15
🇨🇴 Teutons · Colombia
1474
-15
🇦🇺 Inca · Australia
1466
-15
Chiripa605
10:21 Feudal Age
14:05 Castle Age
12:23 Double-Bit Axe
13:38 Horse Collar
15:37 Bow Saw
17:03 Loom
18:06 Squires
20:33 Fletching
ZombieRabbit
0:56 Loom
8:53 Loom
11:04 Feudal Age
16:41 Castle Age
15:04 Double-Bit Axe
15:44 Champi Runner
16:14 Horse Collar
20:46 Pikeman
21:27 Squires
32:06 Wheelbarrow
32:14 Heavy Plow
[LGP] Shiroo
11:48 Feudal Age
11:01 Loom
16:13 Castle Age
14:11 Double-Bit Axe
14:22 Horse Collar
17:32 Bow Saw
17:22 Heavy Plow
23:11 Scale Barding Armor
27:05 Gold Mining
30:36 Imperial Age
27:53 Town Watch
28:34 Bloodlines
29:01 Chain Barding Armor
29:22 Forging
29:54 Stone Mining
30:47 Wheelbarrow
30:37 Cavalier
31:54 Plate Barding Armor
31:55 Iron Casting
31:41 Conscription
32:26 Two-Man Saw
31:56 Crop Rotation
31:44 Hand Cart
杜迪
11:44 Feudal Age
15:45 Castle Age
14:46 Double-Bit Axe
16:29 Gold Mining
17:07 Bow Saw
16:43 Loom
17:38 Fletching
18:21 Bodkin Arrow
19:25 Husbandry
20:54 Wheelbarrow
22:09 Bloodlines
22:01 Padded Archer Armor
23:53 Stone Mining
25:02 Ballistics
25:34 Stone Shaft Mining
25:46 Gold Shaft Mining
32:11 Imperial Age
29:57 Murder Holes
31:51 Masonry
32:33 Heavy Cavalry Archer
34:10 Thumb Ring
35:03 Bracer
36:16 Leather Archer Armor
小兵兵兵
2:38 Loom
10:59 Feudal Age
14:39 Castle Age
13:35 Double-Bit Axe
14:08 Horse Collar
21:37 Bow Saw
21:25 Gold Mining
21:46 Town Watch
22:29 Sanctity
24:17 Redemption
25:44 Wheelbarrow
30:57 Imperial Age
28:43 Hand Cart
28:37 Fletching
29:09 Ballistics
29:59 Bodkin Arrow
30:05 Padded Archer Armor
30:18 Bloodlines
30:09 Husbandry
31:32 Heavy Plow
31:41 Bracer
32:58 Chemistry
33:55 Paiks
33:13 Elite Elephant Archer
35:25 Leather Archer Armor
35:41 Mahayana
35:41 Conscription
35:39 Guilds
36:23 Gold Shaft Mining
35:38 Stone Mining
36:41 Masonry
38:40 Ring Archer Armor
38:17 Scale Barding Armor
38:22 Forging
betterlh
10:25 Feudal Age
11:16 Double-Bit Axe
11:21 Horse Collar
14:13 Castle Age
21:37 Wheelbarrow
23:03 Loom
25:37 Hand Cart
27:09 Stone Mining
27:09 Gold Mining
27:30 Bow Saw
27:20 Heavy Plow
30:11 Imperial Age
29:16 Fletching
29:27 Padded Archer Armor
30:06 Scale Mail Armor
30:43 Thumb Ring
32:26 Conscription
32:54 Wootz Steel
33:10 Elite Urumi Swordsman
33:43 Siege Elephant
35:22 Bodkin Arrow
35:42 Chain Mail Armor
35:37 Forging
36:30 Chemistry
35:51 Ballistics
35:42 Masonry
35:24 Elite Elephant Archer
37:57 Plate Mail Armor
37:27 Bracer
38:29 Leather Archer Armor
38:50 Iron Casting
38:32 Leather Archer Armor
blurr
0:28 Loom
9:49 Feudal Age
13:43 Castle Age
12:02 Double-Bit Axe
14:45 Bow Saw
19:01 Wheelbarrow
18:38 Horse Collar
19:18 Stone Mining
20:42 Gold Mining
21:16 Hand Cart
21:04 Town Watch
22:48 Gold Mining
24:31 Gold Shaft Mining
28:25 Imperial Age
26:32 Fletching
26:43 Padded Archer Armor
27:52 Gold Shaft Mining
27:53 Stone Shaft Mining
27:17 Bodkin Arrow
27:58 Heavy Plow
28:41 Ballistics
29:27 Bracer
30:31 Chemistry
30:27 Leather Archer Armor
30:20 Thumb Ring
30:57 Coinage
30:09 Pikeman
30:49 Squires
30:35 Arson
31:37 Conscription
31:57 Ring Archer Armor
31:28 Scale Mail Armor
31:38 Forging
32:08 Banking
32:39 Bombard Tower
31:47 Halberdier
33:33 Chain Mail Armor
33:10 Elite Chu Ko Nu
35:51 Great Wall
yyx
10:35 Feudal Age
11:20 Loom
14:39 Castle Age
13:13 Double-Bit Axe
15:15 Town Watch
15:42 Bow Saw
15:30 Horse Collar
25:34 Wheelbarrow
30:06 Imperial Age
28:08 Gold Mining
28:11 Fletching
29:02 Bodkin Arrow
31:49 Chemistry
32:14 Bracer
32:37 Heavy Plow
Connection lost

Rejoining the realm…

Still unreachable

The connection could not be restored.

Session expired

The server has moved on; the page needs a fresh start.